 Dungeon Crawl Stone Soup version 0.21-a0-498-g1b60429 (webtiles) character file.

2751 Gildeon the Bolt Thrower (level 9, 0/74 HPs)
             Began as a Demigod Hunter on Nov 23, 2017.
             Slain by an orc warrior
             ... wielding a +0 trident
              (11 damage)
             ... on level 8 of the Dungeon on Nov 24, 2017.
             The game lasted 00:37:43 (6338 turns).

Gildeon the Bolt Thrower (Demigod Hunter)           Turns: 6338, Time: 00:37:44

Health: 0/74       AC: 15    Str: 21    XL:     9   Next: 18%
Magic:  11/11      EV: 12    Int: 13    God:
Gold:   534        SH:  0    Dex: 20    Spells: 7/8 levels left

rFire    . . .     SeeInvis .   l - +1 dagger (venom)
rCold    + . .     Gourm    .   (no shield)
rNeg     . . .     Faith    .   F - +0 scale mail {rC+}
rPois    +         Spirit   .   v - +1 hat
rElec    .         Reflect  .   b - +2 cloak
rCorr    .         Harm     .   (no gloves)
MR       .....                  p - +0 pair of boots
Stlth    +.........             (no amulet)
HPRegen  0.22/turn              h - +3 ring of protection
MPRegen  0.12/turn              E - +4 ring of dexterity

@: no status effects
A: hooves 1, dopey 1, high mp 1, poison resistance, wild magic 1
a: no special abilities


You were on level 8 of the Dungeon.
You were not hungry.

You visited 1 branch of the dungeon, and saw 8 of its levels.

You collected 534 gold pieces.

Inventory:

Hand Weapons
 a - a +3 hand crossbow
 j - a +4 quarterstaff of chaos
 l - a +1 dagger of venom (weapon)
Armour
 b - a +2 cloak (worn)
 c - a +0 leather armour
 m - a +3 ring mail
 n - the +0 robe "Qiuggas" {*Drain rN+ Dex+2, unknown}
   (You found it on level 8 of the Dungeon)

   It affects your dexterity (+2).
   It protects you from negative energy.
   It causes draining when unequipped.
 p - a +0 pair of boots (worn)
 v - a +1 hat (worn)
 F - a +0 scale mail of cold resistance (worn)
Jewellery
 h - a +3 ring of protection (left hand)
 E - a +4 ring of dexterity (right hand)
 G - a +5 ring of strength {unknown}
Wands
 d - a wand of iceblast (10)
 r - a wand of paralysis (2)
 t - a wand of flame (4)
 y - a wand of random effects (28)
Scrolls
 i - 2 scrolls of teleportation
 k - 2 scrolls of amnesia
 q - a scroll of fog
 x - 3 scrolls of remove curse
Potions
 e - 3 potions of heal wounds
 s - a potion of brilliance
 w - a potion of flight
 A - 4 potions of haste
 B - a potion of lignification
Books
 u - a book of Debilitation

   Spells                             Type                      Level
   a - Corona                         Hexes                        1
   b - Slow                           Hexes                        2
   c - Inner Flame                    Hexes/Fire                   3
   d - Portal Projectile              Hexes/Translocation          3
   e - Cause Fear                     Hexes                        4
   f - Leda's Liquefaction            Hexes/Earth                  4
Comestibles
 f - 2 bread rations
 g - 2 meat rations
 o - 3 royal jellies
 z - 3 fruits
 C - 14 chunks of flesh


   Skills:
 - Level 5.1 Fighting
 - Level 5.2 Short Blades
 - Level 5.3 Staves
 - Level 5.7 Crossbows
 - Level 5.1 Armour
 + Level 3.1 Dodging
 - Level 0.8 Stealth


You had 7 spell levels left.
You knew the following spells:

 Your Spells              Type           Power        Failure   Level  Hunger
a - Corona                Hex            #......      69%         1    ##.....


Dungeon Overview and Level Annotations

Branches:
Dungeon (8/15)             Temple (0/1) D:4
   Lair: D:8-11


Innate Abilities, Weirdness & Mutations

You have an increased reservoir of magic. (+10% MP)
You have large cloven feet.
You are dopey. (Int -2)
Your system is resistant to poisons. (rPois)
Your spells are a little harder to cast, but a little more powerful.


Message History

The orc warrior is severely wounded.
You hit the orc warrior but do no damage.
The orc warrior looks as sick as possible!
The orc warrior is severely wounded.
The orc warrior hits you with a trident!
You closely miss the orc warrior.
The orc warrior is severely wounded.
The orc warrior hits you but does no damage.
You closely miss the orc warrior.
The orc warrior is severely wounded.
You hit the orc warrior but do no damage.
The orc warrior looks as sick as possible!
The orc warrior is severely wounded.
The orc warrior hits you with a trident!
* * * LOW HITPOINT WARNING * * *
You hit the orc warrior but do no damage.
The orc warrior looks as sick as possible!
The orc warrior is severely wounded.
The orc warrior hits you with a trident!
You die...

##.....###
##......### ######
#.........#### #....#
#.##.##......#
#<...###.##..##.###.#
#.o....<.##...#..##.#
#...[######...)[.##.#
#....# #........#..
#...@# #...........
#...o# #.....##....
#.....# #.....##....
#...$(# #(....##..##
#####.. #.....##...
..( #.....##.###
.....######.)# ...(.
#.## ......


You could see an orc warrior and an orc wizard (paralysed).

Vanquished Creatures
  A hippogriff (D:7)
  The ghost of Rhok the Skirmisher, an amateur HOMo of Makhleb (D:4)
  Eustachio (D:6)
  4 sky beasts
  A necrophage (D:7)
  A phantom (D:2)
  2 ice beasts
  An ogre (D:8)
  5 centaurs
  A bullfrog (D:7)
  A wyvern skeleton (D:8)
  5 killer bees (D:7)
  A howler monkey (D:7)
  A crimson imp (D:6)
  Crazy Yiuf (D:3)
  2 bullfrog zombies
  A hound (D:8)
  2 bullfrog skeletons
  Ijyb (D:5)
  3 orc wizards
  3 iguanas
  3 worker ants
  A hound skeleton (D:6)
  11 adders
  A shadow imp (D:7)
  2 oozes
  3 adder skeletons
  A worm (D:2)
  A dart slug (D:2)
  A leopard gecko (D:2)
  20 orcs
  A giant cockroach (D:1)
  5 hobgoblins
  8 jackals
  3 quokkas
  6 bats
  6 frilled lizards
  8 goblins
  10 kobolds
  A leopard gecko skeleton (D:8)
  8 rats
  2 fungi (D:4)
141 creatures vanquished.

Vanquished Creatures (others)
  A rat (D:3)
1 creature vanquished.

Grand Total: 142 creatures vanquished

Notes
Turn   | Place    | Note
-------+----------+-------------------------------------------
     0 | D:1      | Gildeon the Demigod Hunter began the quest for the Orb.
     0 | D:1      | Reached XP level 1. HP: 17/17 MP: 3/3
   294 | D:1      | Upgraded the game from 0.21-a0-496-g696f58f to 0.21-a0-498-g1b60429
   302 | D:1      | Reached XP level 2. HP: 23/24 MP: 4/4
   910 | D:2      | Noticed a phantom
   951 | D:2      | Reached XP level 3. HP: 10/29 MP: 5/5
  1010 | D:2      | Killed a phantom
  1010 | D:2      | Reached skill level 5 in Crossbows
  1010 | D:2      | Reached XP level 4. HP: 19/36 MP: 6/6
  1248 | D:2      | Reached skill level 1 in Short Blades
  1259 | D:2      | Reached XP level 5. HP: 41/41 MP: 7/7
  1598 | D:3      | Found an opulent altar of Gozag.
  1673 | D:3      | Found a white marble altar of Elyvilon.
  1792 | D:3      | Gained mutation: Your spells are a little harder to cast, but a little more powerful. [potion of mutation]
  1792 | D:3      | Gained mutation: You are dopey. (Int -2) [potion of mutation]
  1792 | D:3      | Gained mutation: Your system is resistant to poisons. (rPois) [potion of mutation]
  1792 | D:3      | Gained mutation: You have large cloven feet. [potion of mutation]
  1832 | D:3      | Found a runed door.
  1836 | D:3      | Noticed Crazy Yiuf
  1841 | D:3      | Killed Crazy Yiuf
  2390 | D:4      | Reached XP level 6. HP: 48/48 MP: 8/8
  2432 | D:4      | Noticed Rhok's ghost (amateur HOMo)
  2438 | D:4      | Killed Rhok's ghost
  2687 | D:4      | Found a staircase to the Ecumenical Temple.
  3002 | D:5      | Entered Level 5 of the Dungeon
  3052 | D:5      | Reached skill level 5 in Short Blades
  3163 | D:5      | Reached XP level 7. HP: 42/53 MP: 9/9
  3431 | D:5      | Noticed Ijyb
  3444 | D:5      | Killed Ijyb
  4636 | D:6      | Noticed Eustachio
  4640 | D:6      | Killed Eustachio
  4640 | D:6      | Reached skill level 5 in Staves
  4640 | D:6      | Reached XP level 8. HP: 60/60 MP: 10/10
  5093 | D:7      | Noticed a hippogriff
  5104 | D:7      | Killed a hippogriff
  5104 | D:7      | Reached skill level 5 in Fighting
  5110 | D:7      | Reached skill level 1 in Armour
  5323 | D:7      | Learned a level 1 spell: Corona
  5898 | D:8      | Reached XP level 9. HP: 57/74 MP: 11/11
  6126 | D:8      | Reached skill level 5 in Armour
  6243 | D:8      | Got a heavily jewelled robe
  6338 | D:8      | Slain by an orc warrior

Vault maps used:
D:1:      zelgadis_glass_arrival_small
D:3:      nicolae_gozag_seed_capital, elyvilon_altar_4, uniq_crazy_yiuf_cottage
D:4:      temple_hall, kennysheep_nondescript, minmay_gold_behind_fungi
D:5:      first_bread, uniq_ijyb
D:6:      uniq_eustachio
D:7:      kennysheep_small_spiral

Skill      XL: |  1  2  3  4  5  6  7  8  9 |
---------------+----------------------------+-----
Crossbows      | 4 5 |  5.7
Short Blades   | 1 3 5 |  5.2
Staves         | 5 |  5.3
Fighting       | 5 |  5.1
Armour         | 4 5 |  5.1
Dodging        | 3 |  3.1
Stealth        | |  0.8

Action                   |  1- 3 |  4- 6 |  7- 9 || total
-------------------------+-------+-------+-------++-------
Melee: Dagger            |    33 |    28 |    38 ||    99
       Quarterstaff      |       |    30 |   184 ||   214
       Kick              |       |     3 |       ||     3
 Fire: Hand crossbow     |    93 |    64 |    36 ||   193
Evoke: Wand              |       |       |    14 ||    14
  Use: Scroll            |     2 |    11 |     9 ||    22
       Potion            |     2 |     1 |       ||     3
 Stab: Sleeping          |       |       |     1 ||     1
       Petrifying        |       |       |     1 ||     1
       Petrified         |       |       |     1 ||     1
       Paralysed         |       |       |     1 ||     1
  Eat: Chunk             |       |     3 |     2 ||     5
       Bread ration      |       |     1 |     2 ||     3
Armor: Leather armour    |     5 |       |       ||     5
       Ring mail         |    23 |    22 |   103 ||   148
       Scale mail        |       |       |    13 ||    13
Dodge: Dodged            |    41 |    28 |   135 ||   204

Table legend:
 A = Spawn XP
 B = Non-spawn XP
 C = Spawn XP percentage of total XP
 D = Spawn monster count
 E = Non-spawn monster count
 F = Spawn count percentage of total count
 G = Total turns spent on level
                    A         B        C        D         E        F      G
               +---------+---------+-------+---------+---------+-------+---------
         Total |       0 |    3931 |   0.0 |       0 |     139 |   0.0 |  6338
               +---------+---------+-------+---------+---------+-------+---------
           D:1 |       0 |      43 |   0.0 |       0 |      26 |   0.0 |   783
           D:2 |       0 |     203 |   0.0 |       0 |      18 |   0.0 |   682
           D:3 |       0 |     131 |   0.0 |       0 |      20 |   0.0 |   676
           D:4 |       0 |     342 |   0.0 |       0 |       6 |   0.0 |   861
           D:5 |       0 |     474 |   0.0 |       0 |      13 |   0.0 |  1170
           D:6 |       0 |     619 |   0.0 |       0 |      16 |   0.0 |   753
           D:7 |       0 |    1337 |   0.0 |       0 |      22 |   0.0 |   921
           D:8 |       0 |     782 |   0.0 |       0 |      18 |   0.0 |   492
               +---------+---------+-------+---------+---------+-------+---------
